SL
PANAMA CITY PIRANHAS @ OAKLAND OAKS
09/28/2023
 
TOP OF THE 1ST
Panama City Piranhas batting - Pitching for Oakland Oaks : RHP Mimosa Joseph
Pitching: RHP Mimosa Joseph
Batting: LHB Ye Der 0-0: Foul Ball, location: 2F
0-1: Ball
1-1: Called Strike
1-2: SINGLE (Flyball, 7S)
Batting: LHB Herman Hayes 0-0: Foul Ball, location: 2F
0-1: Ball
1-1: Ball
2-1: Ball
3-1: Called Strike
3-2: DOUBLE (Line Drive, 78M)
Ye Der to third
Batting: LHB Steve Cunningham 0-0: DOUBLE (Line Drive, 78D)
Ye Der scores
Herman Hayes scores
Batting: SHB Marc Talamante 0-0: SINGLE (Groundball, 4M)
Steve Cunningham to third
Runner from 3rd tries for Home, SAFE, throw made home
Marc Talamante to second
Batting: RHB Tim Barnes 0-0: Foul Ball, location: 2F
0-1: Called Strike
0-2: Ball
1-2: Ball
Passed Ball!
Marc Talamante to third
2-2: 2-RUN HOME RUN (Flyball, 78XD), Distance : 426 ft
Batting: RHB William Hull 0-0: Ball
1-0: Ball
2-0: Ground out 3-1 (Groundball, 34)
Batting: RHB Brad Perry 0-0: Fly out, F5 (Popup, 5F)
Batting: LHB Francisco Sánchez 0-0: Ball
1-0: Called Strike
1-1: Swinging Strike
1-2: Ball
2-2: Foul Ball, location: 2F
2-2: Foul Ball, location: 2F
2-2: Strikes out swinging
Top of the 1st over - 5 run(s), 5 hit(s), 0 error(s), 0 left on base; Panama City 5 - Oakland 0
BOTTOM OF THE 1ST
Oakland Oaks batting - Pitching for Panama City Piranhas : LHP Wayne Craig
Pitching: LHP Wayne Craig
Batting: SHB John Allen 0-0: Called Strike
0-1: Foul Ball, location: 2F
0-2: Strikes out looking
Batting: RHB Gabriel Maldonado 0-0: Swinging Strike
0-1: Swinging Strike
0-2: Strikes out swinging
Batting: RHB Rafael Durango 0-0: Called Strike
0-1: Ball
1-1: Called Strike
1-2: Ball
2-2: Foul Ball, location: 2F
2-2: Reached on error, E5 (Groundball, 5S)
Batting: LHB Edwin Church 0-0: Swinging Strike
0-1: Ball
1-1: Foul Ball, location: 2F
1-2: Ball
2-2: Strikes out swinging
Bottom of the 1st over - 0 run(s), 0 hit(s), 1 error(s), 1 left on base; Panama City 5 - Oakland 0
TOP OF THE 2ND
Panama City Piranhas batting - Pitching for Oakland Oaks : RHP Mimosa Joseph
Batting: RHB Armando Alvarado 0-0: Called Strike
0-1: Ball
1-1: Swinging Strike
1-2: Ball
2-2: Ball
3-2: Fly out, F8 (Flyball, 8LM)
Batting: LHB Ye Der 0-0: Called Strike
0-1: Swinging Strike
0-2: Strikes out swinging
Batting: LHB Herman Hayes 0-0: Ball
1-0: Called Strike
1-1: Called Strike
1-2: Ball
2-2: Ball
3-2: SINGLE (Line Drive, 78S)
Batting: LHB Steve Cunningham 0-0: Fly out, F8 (Flyball, 8LD)
Top of the 2nd over - 0 run(s), 1 hit(s), 0 error(s), 1 left on base; Panama City 5 - Oakland 0
BOTTOM OF THE 2ND
Oakland Oaks batting - Pitching for Panama City Piranhas : LHP Wayne Craig
Batting: RHB Dave Henderson 0-0: Swinging Strike
0-1: Foul Ball, location: 2F
0-2: Ball
1-2: Strikes out looking
Batting: LHB Ron Frazier 0-0: Ball
1-0: Ball
2-0: Fly out, F8 (Flyball, 8RXD)
Batting: LHB Todd Henry 0-0: Ball
1-0: Swinging Strike
1-1: Swinging Strike
1-2: Strikes out swinging
Bottom of the 2nd over - 0 run(s), 0 hit(s), 0 error(s), 0 left on base; Panama City 5 - Oakland 0
TOP OF THE 3RD
Panama City Piranhas batting - Pitching for Oakland Oaks : RHP Mimosa Joseph
Batting: SHB Marc Talamante 0-0: Called Strike
0-1: Called Strike
0-2: Ball
1-2: Ball
2-2: Ball
3-2: SINGLE (Groundball, 4MD)
Batting: RHB Tim Barnes 0-0: Ball
1-0: Called Strike
1-1: Called Strike
1-2: Ball
2-2: Ball
3-2: Foul Ball, location: 2F
3-2: DOUBLE (Line Drive, 7D)
Marc Talamante to third
Batting: RHB William Hull 0-0: Ground out 5-3 (Groundball, 5)
Batting: RHB Brad Perry 0-0: Foul Ball, location: 2F
0-1: Ball
1-1: Called Strike
1-2: Foul Ball, location: 2F
1-2: Strikes out swinging
Batting: LHB Francisco Sánchez 0-0: SINGLE (Line Drive, 34)
Marc Talamante scores
Tim Barnes to third
Runner from 3rd tries for Home, SAFE, throw made home
Francisco Sánchez to second
Pitching: RHP Júlio Martínez
Batting: RHB Armando Alvarado 0-0: Ground out 6-3 (Groundball, 6)
Top of the 3rd over - 2 run(s), 3 hit(s), 0 error(s), 1 left on base; Panama City 7 - Oakland 0
BOTTOM OF THE 3RD
Oakland Oaks batting - Pitching for Panama City Piranhas : LHP Wayne Craig
Batting: RHB Jim Lee 0-0: Ball
1-0: Foul Ball, location: 2F
1-1: Ball
2-1: Ball
3-1: Base on Balls
Batting: LHB Mal Wadley 0-0: Called Strike
0-1: Foul Ball, location: 2F
0-2: Ball
1-2: Ball
Jim Lee steals 2nd base
2-2: Fly out, F9 (Line Drive, 9M)
Batting: SHB John Allen 0-0: Called Strike
0-1: Ball
1-1: Ball
2-1: Fly out, F7 (Flyball, 78S)
Batting: RHB Gabriel Maldonado 0-0: SINGLE (Line Drive, 56)
Jim Lee to third
Runner from 3rd tries for Home, SAFE, no throw or cutoff
Batting: RHB Rafael Durango 0-0: Ball
1-0: Fielders Choice at 2nd, U6 (Groundball, 6M)
Bottom of the 3rd over - 1 run(s), 1 hit(s), 0 error(s), 1 left on base; Panama City 7 - Oakland 1
TOP OF THE 4TH
Panama City Piranhas batting - Pitching for Oakland Oaks : RHP Júlio Martínez
Batting: LHB Ye Der 0-0: Ball
1-0: Ball
2-0: Called Strike
2-1: Foul Ball, location: 2F
2-2: Strikes out swinging
Batting: LHB Herman Hayes 0-0: Swinging Strike
0-1: Foul Ball, location: 2F
0-2: Ground out U3 (Groundball, 3)
Batting: LHB Steve Cunningham 0-0: Foul Ball, location: 2F
0-1: Ground out 1-3 (Groundball, 15)
Top of the 4th over - 0 run(s), 0 hit(s), 0 error(s), 0 left on base; Panama City 7 - Oakland 1
BOTTOM OF THE 4TH
Oakland Oaks batting - Pitching for Panama City Piranhas : LHP Wayne Craig
Batting: LHB Edwin Church 0-0: Ball
1-0: Called Strike
1-1: Ball
2-1: Fly out, F8 (Flyball, 8RXD)
Batting: RHB Dave Henderson 0-0: Foul Ball, location: 2F
0-1: Called Strike
0-2: Ground out 6-3 (Groundball, 6)
Batting: LHB Ron Frazier 0-0: Ball
1-0: Swinging Strike
1-1: Ball
2-1: Swinging Strike
2-2: Foul Ball, location: 2F
2-2: Strikes out swinging
Bottom of the 4th over - 0 run(s), 0 hit(s), 0 error(s), 0 left on base; Panama City 7 - Oakland 1
TOP OF THE 5TH
Panama City Piranhas batting - Pitching for Oakland Oaks : RHP Júlio Martínez
Batting: SHB Marc Talamante 0-0: Ball
1-0: Foul Ball, location: 2F
1-1: Foul Ball, location: 2F
1-2: Strikes out swinging
Batting: RHB Tim Barnes 0-0: Swinging Strike
0-1: Ball
1-1: Foul Ball, location: 2F
1-2: Ball
2-2: Strikes out swinging
Batting: RHB William Hull 0-0: Ball
1-0: Ball
2-0: Foul Ball, location: 2F
2-1: Called Strike
2-2: Strikes out swinging
Top of the 5th over - 0 run(s), 0 hit(s), 0 error(s), 0 left on base; Panama City 7 - Oakland 1
BOTTOM OF THE 5TH
Oakland Oaks batting - Pitching for Panama City Piranhas : LHP Wayne Craig
Batting: LHB Todd Henry 0-0: Swinging Strike
0-1: Swinging Strike
0-2: Fly out, F9 (Flyball, 89D)
Batting: RHB Jim Lee 0-0: Ball
1-0: Ball
2-0: Swinging Strike
2-1: Called Strike
2-2: Foul Ball, location: 2F
2-2: Ball
3-2: Fly out, F6 (Popup, 5D)
Batting: LHB Mal Wadley 0-0: Called Strike
0-1: Ball
1-1: Swinging Strike
1-2: Fly out, F8 (Popup, 8RS)
Bottom of the 5th over - 0 run(s), 0 hit(s), 0 error(s), 0 left on base; Panama City 7 - Oakland 1
TOP OF THE 6TH
Panama City Piranhas batting - Pitching for Oakland Oaks : RHP Júlio Martínez
Batting: RHB Brad Perry 0-0: Ball
1-0: Called Strike
1-1: Foul Ball, location: 2F
1-2: Foul Ball, location: 2F
1-2: Strikes out looking
Batting: LHB Francisco Sánchez 0-0: Ball
1-0: Foul Ball, location: 2F
1-1: Swinging Strike
1-2: Fly out, F8 (Flyball, 8RD)
Batting: RHB Armando Alvarado 0-0: Ball
1-0: Foul Ball, location: 2F
1-1: Called Strike
1-2: Foul Ball, location: 2F
1-2: Ball
2-2: Ball
3-2: Ground out 6-3 (Groundball, 6)
Top of the 6th over - 0 run(s), 0 hit(s), 0 error(s), 0 left on base; Panama City 7 - Oakland 1
BOTTOM OF THE 6TH
Oakland Oaks batting - Pitching for Panama City Piranhas : LHP Wayne Craig
Batting: SHB John Allen 0-0: Ball
1-0: Ball
2-0: Called Strike
2-1: Ground out 5-3 (Groundball, 5)
Batting: RHB Gabriel Maldonado 0-0: Ball
1-0: Ground out 5-3 (Groundball, 56)
Batting: RHB Rafael Durango 0-0: Ball
1-0: Swinging Strike
1-1: Ball
2-1: Fly out, F7 (Flyball, 78XD)
Bottom of the 6th over - 0 run(s), 0 hit(s), 0 error(s), 0 left on base; Panama City 7 - Oakland 1
TOP OF THE 7TH
Panama City Piranhas batting - Pitching for Oakland Oaks : RHP Júlio Martínez
Batting: LHB Ye Der 0-0: Fly out, F8 (Flyball, 8RXD)
Batting: LHB Herman Hayes 0-0: Ball
1-0: Called Strike
1-1: Ball
2-1: Ball
3-1: Base on Balls
Batting: LHB Steve Cunningham 0-0: Ball
1-0: Foul Ball, location: 2F
1-1: Swinging Strike
1-2: Foul Ball, location: 2F
1-2: Ball
2-2: SINGLE (Line Drive, 34)
Herman Hayes to second
Runner from 2nd tries for 3rd, OUT!
Batting: SHB Marc Talamante 0-0: Ball
1-0: 2-RUN HOME RUN (Flyball, 9D), Distance : 388 ft
Batting: RHB Tim Barnes 0-0: Foul Ball, location: 2F
0-1: Swinging Strike
0-2: Foul Ball, location: 2F
0-2: Foul Ball, location: 2F
0-2: Ball
1-2: Strikes out looking
Top of the 7th over - 2 run(s), 2 hit(s), 0 error(s), 0 left on base; Panama City 9 - Oakland 1
BOTTOM OF THE 7TH
Oakland Oaks batting - Pitching for Panama City Piranhas : LHP Wayne Craig
Batting: LHB Edwin Church 0-0: Ground out 1-3 (Groundball, 25)
Batting: RHB Dave Henderson 0-0: Foul Ball, location: 2F
0-1: Fly out, F9 (Flyball, 9M)
Batting: LHB Ron Frazier 0-0: Ball
1-0: Ball
2-0: Foul Ball, location: 2F
2-1: Swinging Strike
2-2: Ground out 3-1 (Groundball, 34)
Bottom of the 7th over - 0 run(s), 0 hit(s), 0 error(s), 0 left on base; Panama City 9 - Oakland 1
TOP OF THE 8TH
Panama City Piranhas batting - Pitching for Oakland Oaks : RHP Júlio Martínez
Batting: RHB William Hull 0-0: Ball
1-0: Ball
2-0: Called Strike
2-1: Ball
3-1: Foul Ball, location: 2F
3-2: Fly out, F6 (Popup, 56D)
Batting: RHB Brad Perry 0-0: Called Strike
0-1: Ball
1-1: Ball
2-1: Swinging Strike
2-2: Fly out, F2 (Popup, 2LF)
Batting: LHB Francisco Sánchez 0-0: Foul Ball, location: 2F
0-1: Ball
1-1: SINGLE (Groundball, 6MD)
Batting: RHB Armando Alvarado 0-0: Ball
1-0: Called Strike
1-1: Fly out, F9 (Flyball, 9LD)
Top of the 8th over - 0 run(s), 1 hit(s), 0 error(s), 1 left on base; Panama City 9 - Oakland 1
BOTTOM OF THE 8TH
Oakland Oaks batting - Pitching for Panama City Piranhas : LHP Wayne Craig
Batting: LHB Todd Henry 0-0: Called Strike
0-1: Foul Ball, location: 2F
0-2: Foul Ball, location: 2F
0-2: Ball
1-2: Ball
2-2: Strikes out looking
Batting: RHB Jim Lee 0-0: Called Strike
0-1: Ball
1-1: Swinging Strike
1-2: Ball
2-2: Ball
3-2: Ground out 5-3 (Groundball, 5S)
Batting: LHB Mal Wadley 0-0: Ball
1-0: SINGLE (Flyball, 8LS)
Batting: SHB John Allen 0-0: Foul Ball, location: 2F
0-1: Reached on error, E6 (Groundball, 6M)
Mal Wadley to second
Batting: RHB Gabriel Maldonado 0-0: Reached on error, E5 (Groundball, 56)
Mal Wadley to third
John Allen to second
Batting: RHB Rafael Durango 0-0: Ball
1-0: Called Strike
1-1: Ball
2-1: Foul Ball, location: 2F
2-2: Ground out 5-3 (Groundball, 56S)
Bottom of the 8th over - 0 run(s), 1 hit(s), 2 error(s), 3 left on base; Panama City 9 - Oakland 1
TOP OF THE 9TH
Panama City Piranhas batting - Pitching for Oakland Oaks : RHP Júlio Martínez
Batting: LHB Ye Der 0-0: Ball
1-0: Ball
2-0: Ball
3-0: Base on Balls
Batting: LHB Herman Hayes 0-0: Ball
1-0: Ball
2-0: Ball
3-0: Base on Balls
Ye Der to second
Batting: LHB Steve Cunningham 0-0: Called Strike
0-1: Ball
1-1: Ball
2-1: Foul Ball, location: 2F
2-2: Ball
3-2: Grounds into double play, 1-6-3 (Groundball, 13S)
Ye Der to third
Batting: SHB Marc Talamante 0-0: Ball
1-0: Ball
2-0: Ball
3-0: Called Strike
3-1: SINGLE (Line Drive, 4D)
Ye Der scores
Pitching: RHP Mark Simmons
Batting: RHB Tim Barnes 0-0: Fly out, F5 (Popup, 15S)
Top of the 9th over - 1 run(s), 1 hit(s), 0 error(s), 1 left on base; Panama City 10 - Oakland 1
BOTTOM OF THE 9TH
Oakland Oaks batting - Pitching for Panama City Piranhas : LHP Wayne Craig
Batting: LHB Edwin Church 0-0: Ball
1-0: Foul Ball, location: 2F
1-1: Called Strike
1-2: SINGLE (Line Drive, 4D)
Pitching: RHP Tobías Pérez
Batting: RHB Dave Henderson 0-0: Grounds into double play, U4-3 (Groundball, 4)
Batting: LHB Ron Frazier 0-0: Ball
1-0: Ball
2-0: Ball
3-0: Base on Balls
Batting: LHB Todd Henry 0-0: SINGLE (Line Drive, 6D)
Ron Frazier to second
Batting: RHB Jim Lee 0-0: Ball
1-0: Ground out 4-3 (Groundball, 4)
Bottom of the 9th over - 0 run(s), 2 hit(s), 0 error(s), 2 left on base; Panama City 10 - Oakland 1
This league is powered by Out of the Park Baseball, the baseball management simulation game for PC, Mac and Linux
Friday, July 8th, 2016 - OOTP Baseball 16.9 Build 39